Map: Ulzaan

Players

OpuS

  • Race: Protoss Protoss
  • League: Platinum
  • Spawn Location: 1:00

Sketchaphone

  • Race: Zerg Zerg
  • League: Platinum
  • Spawn Location: 3:00

PainFellow

  • Race: Terran Terran
  • League: Diamond
  • Spawn Location: 9:00

DrTasty

  • Race: Protoss Protoss
  • Spawn Location: 11:00

VOD

Have the link to the VOD?

Description

Time

  • Played on: Feb. 7, 2019, 8:57 p.m.
  • Length: 13:39
Show
View Real Time Build Order
Export as new Build Order

OpuS Protoss 

Build Orders:  

Get SALT Encoding   

  12  0:02  Probe  
  14  0:14  Probe  
  14  0:19  Pylon  
  14  0:28  Probe  
  15  0:40  Gateway  
  15  0:45  Probe  
  16  0:52  Assimilator  
  16  0:53  Probe  
  16  1:03  Probe  
  17  1:06  Gateway  
  18  1:15  Probe  
  19  1:27  Probe  
  19  1:28  Cybernetics Core  
  19  1:32  Pylon  
  20  1:40  Probe  
  21  1:52  Probe  
  21  1:54  Assimilator  
  22  2:04  Probe  
  22  2:06  Warp Gate  
  23  2:13  Robotics Facility  
  23  2:16  Probe  
  24  2:28  Probe  
  24  2:29  Pylon  
  24  2:40  Probe  
  29  2:47  Stalker x2  
  29  2:51  Warp Prism  
  29  3:00  Gateway  
  31  3:08  Probe  
  32  3:14  Robotics Bay  
  32  3:21  Adept x2  
  36  3:33  Probe  
  37  3:39  Pylon  
  37  3:59  Nexus  
  37  4:18  Disruptor  
  40  4:29  Adept x3  
  42  4:39  Forge  
  42  4:44  Shield Battery  
  32  4:53  Stalker x2  
  34  5:05  Warp Prism  
  36  5:16  Photon Cannon  
  36  5:25  Photon Cannon  
  36  5:28  Probe x2  
  38  5:40  Twilight Council  
  38  5:42  Probe x2  
  38  6:00  Pylon  
  38  6:03  Pylon  
  35  6:09  Stalker  
  37  6:19  Photon Cannon  
  37  6:24  Shield Battery  
  32  6:30  Stalker  
  32  6:32  Blink  
  30  6:47  Probe  
  30  6:48  Probe  
  30  6:49  Photon Cannon  
  32  6:59  Probe  
  32  7:00  Probe  
  34  7:05  Adept x2  
  38  7:09  Adept  
  40  7:21  Probe x2  
  42  7:27  Protoss Ground Armor Level 1  
  42  7:47  Adept x3  
  40  7:54  Probe x2  
  40  7:57  Stalker x2  
  40  7:58  Stalker  
  42  8:06  Probe, Gateway x2  
  42  8:08  Gateway  
  42  8:11  Probe  
  44  8:18  Probe  
  45  8:24  Forge  
  45  8:27  Pylon  
  45  8:35  Stalker  
  47  8:47  Templar Archives  
  47  8:51  Stalker  
  47  8:52  Stalker  
  51  8:56  Probe x2  
  53  9:05  Assimilator  
  53  9:07  Protoss Ground Weapons Level 1  
  47  9:28  Stalker  
  47  9:29  Stalker x3  
  45  9:35  Probe x2  
  47  9:40  Assimilator  
  47  9:47  Probe  
  42  9:56  High Templar x2  
  46  10:00  Archon  
  46  10:02  Stalker  
  46  10:03  Stalker x2  
  48  10:35  High Templar  
  46  10:51  Nexus  
  46  10:54  Assimilator  
  46  10:55  High Templar  
  48  10:58  Assimilator  
  48  10:59  Archon  
  48  11:09  Stalker  
  48  11:10  Stalker x2  
  54  11:11  Protoss Ground Armor Level 2  
  54  11:22  Probe  
  54  11:23  Probe  
  56  11:38  Stalker  
  56  11:39  Stalker x2  
  62  11:53  Stalker  
  64  11:54  Stalker x2  
  66  12:21  High Templar x2  
  70  12:25  Archon  
  70  12:28  Probe x3  
  73  12:40  Probe x3  
  73  12:41  Forge  
  76  12:46  Stalker  
  76  12:47  Stalker x2  
  82  12:52  Probe x2  
  82  12:53  Probe  
  85  13:00  Pylon  
  85  13:04  Probe x2  
  85  13:05  Probe  
  88  13:12  Stalker x2  
Show
View Real Time Build Order
Export as new Build Order

Sketchaphone Zerg 

Build Orders: Hatch First 

Get SALT Encoding   

  12  0:01  Drone  
  13  0:12  Overlord  
  13  0:18  Drone  
  14  0:21  Extractor  
  14  0:24  Drone  
  15  0:31  Drone  
  16  0:37  Drone  
  17  0:59  Hatchery  
  17  1:02  Drone  
  18  1:04  Drone, Extractor  
  17  1:18  Spawning Pool  
  17  1:22  Drone  
  17  1:29  Drone x2  
  19  1:42  Drone  
  20  1:49  Drone  
  21  2:00  Overlord  
  21  2:10  Metabolic Boost, Queen  
  21  2:14  Zergling x4  
  25  2:21  Queen  
  27  2:23  Zergling x2  
  27  2:28  Zergling x2  
  29  2:34  Zergling x4  
  31  2:53  Overlord  
  31  2:55  Overlord  
  31  2:56  Drone x2  
  33  3:00  Baneling Nest  
  32  3:18  Overlord  
  32  3:19  Zergling x6  
  35  3:25  Evolution Chamber  
  34  3:44  Baneling  
  34  3:45  Baneling x5  
  34  3:46  Baneling  
  34  3:49  Zergling x2  
  34  3:52  Hatchery  
  34  3:53  Zergling x2  
  35  3:56  Zergling x2  
  36  4:03  Zergling x4  
  36  4:05  Drone  
  36  4:08  Drone  
  40  4:13  Drone  
  41  4:23  Drone x3  
  41  4:51  Zergling x18  
  44  5:05  Zergling x6  
  46  5:07  Queen  
  46  5:11  Spore Crawler  
  44  5:30  Spore Crawler x2  
  44  5:31  Drone x7  
  49  5:42  Lair, Spore Crawler  
  48  5:54  Spore Crawler  
  48  5:56  Spore Crawler  
  46  5:59  Overlord  
  46  6:04  Drone  
  46  6:06  Overlord  
  46  6:25  Queen  
  48  6:28  Drone x7  
  55  6:36  Spore Crawler  
  51  6:53  Spore Crawler, Drone x7  
  51  6:54  Spore Crawler  
  49  7:17  Drone x9  
  55  7:23  Drone  
  55  7:24  Queen  
  55  7:28  Drone x2  
  55  7:37  Zergling x8  
  55  7:39  Overseer  
  55  7:42  Zergling x4  
  61  7:48  Spire, Extractor  
  61  7:50  Drone  
  60  7:52  Zerg Ground Armor Level 1  
  60  7:53  Drone  
  60  7:55  Drone  
  62  8:04  Baneling x2  
  62  8:05  Baneling x2  
  62  8:06  Zergling x6  
  62  8:08  Overseer  
  62  8:09  Overlord  
  56  8:37  Zergling x18  
  65  8:50  Overlord x2  
  65  8:58  Extractor  
  65  9:01  Queen, Extractor  
  65  9:08  Overlord x3, Queen  
  67  9:10  Baneling x4  
  67  9:11  Pneumatized Carapace, Baneling x2  
  67  9:16  Hatchery  
  54  9:33  Corruptor x2  
  54  9:35  Zergling x28  
  56  10:02  Zergling x16  
  54  10:10  Zergling x2  
  54  10:11  Zergling x4  
  49  10:14  Zergling x2  
  49  10:18  Zergling x2  
  50  10:21  Overlord  
  50  10:22  Overlord x2  
  41  10:53  Zerg Melee Weapons Level 1  
  41  10:55  Corruptor  
  41  10:56  Corruptor x2  
  47  10:57  Zergling x16  
  47  10:59  Evolution Chamber  
  47  11:02  Drone  
  55  11:09  Extractor  
  54  11:15  Baneling x6  
  46  11:39  Zergling x18  
  55  11:51  Zergling x10  
  51  12:16  Zergling x12  
  53  12:22  Corruptor  
  53  12:23  Corruptor  
  44  12:44  Baneling x10  
  44  12:55  Drone x2  
  46  13:08  Drone x2  
Show
View Real Time Build Order
Export as new Build Order

PainFellow Terran 

Build Orders:  

Get SALT Encoding   

  12  0:01  SCV  
  13  0:13  SCV  
  14  0:19  Supply Depot  
  14  0:25  SCV  
  15  0:32  Refinery  
  15  0:42  Barracks  
  15  0:45  SCV  
  16  0:57  SCV  
  17  1:26  Command Center  
  17  1:37  Barracks Tech Lab  
  17  1:45  Barracks  
  17  1:51  SCV  
  18  2:00  Stimpack  
  18  2:03  Marine, SCV  
  20  2:18  Orbital Command  
  20  2:27  Marine  
  21  2:33  Barracks Reactor  
  21  2:37  Barracks  
  21  2:48  Orbital Command  
  21  2:53  SCV  
  21  2:54  Marine  
  23  3:07  SCV  
  23  3:09  Factory  
  23  3:12  Marine  
  25  3:15  SCV  
  25  3:19  SCV  
  27  3:23  Refinery  
  27  3:27  Barracks Reactor, SCV  
  27  3:30  Marine x2  
  27  3:31  SCV  
  31  3:39  SCV  
  32  3:43  SCV  
  32  3:48  Supply Depot  
  33  3:51  SCV  
  33  3:52  Marine  
  33  3:54  Engineering Bay  
  35  3:58  Starport  
  35  4:00  Factory Reactor  
  35  4:01  SCV  
  35  4:02  Marine  
  37  4:04  Marine  
  38  4:11  Supply Depot  
  38  4:17  SCV x2, Supply Depot  
  38  4:23  Marine  
  38  4:40  Marine x4  
  30  4:56  Marine  
  30  4:58  Marine x2  
  25  5:05  SCV  
  25  5:26  Medivac  
  25  5:27  Medivac  
  29  5:30  Marine  
  29  5:31  Marine x4  
  34  5:47  Supply Depot  
  34  5:48  Marine  
  34  5:49  Supply Depot  
  35  5:56  SCV x2  
  37  6:04  Barracks Tech Lab  
  37  6:06  Marine x4  
  37  6:08  SCV  
  42  6:13  Supply Depot  
  42  6:15  SCV  
  43  6:19  Widow Mine  
  43  6:20  SCV  
  43  6:24  Marine  
  47  6:26  Combat Shield  
  47  6:27  SCV  
  47  6:32  SCV  
  37  6:52  Marine x4  
  41  7:00  Marine  
  42  7:10  Marine x2  
  44  7:20  Marine x3, Widow Mine  
  45  7:28  Marine x2  
  38  7:38  Marine x2  
  38  7:41  Widow Mine  
  38  7:42  SCV x2  
  44  7:45  Medivac x2, Factory  
  48  7:54  SCV x2  
  50  8:02  Factory  
  50  8:03  Widow Mine  
  52  8:06  SCV x2  
  54  8:16  Medivac  
  54  8:18  SCV x2  
  58  8:24  Widow Mine  
  58  8:34  Medivac  
  58  8:35  Marine x3  
  58  8:37  Hellion  
  58  8:40  Refinery  
  65  8:46  Hellion  
  65  8:48  Marine x2  
  68  8:52  Marine  
  70  8:58  Factory Reactor x2, Supply Depot  
  70  8:59  Supply Depot  
  70  9:00  Supply Depot  
  70  9:05  Supply Depot  
  70  9:06  Refinery  
  70  9:19  Marine  
  65  9:30  Marine x3  
  62  9:51  Marine x5  
  57  10:06  Hellion x5  
  63  10:09  Marine x5  
  68  10:26  Marine  
  68  10:27  Hellion x2, Marine x2  
  75  10:30  Marine x2  
  75  10:31  Hellion x3  
  79  10:44  Marine x3  
  79  10:47  Marine x2  
  79  10:49  Widow Mine x2  
  88  10:58  Armory  
  88  11:02  Marine x3  
  90  11:44  Barracks  
  90  11:45  Barracks  
  88  11:56  Marine x3, Command Center  
  88  11:57  Hellion x2  
  94  12:09  Supply Depot x2  
  94  12:11  Factory Tech Lab, Supply Depot  
  94  12:14  SCV x2  
  96  12:26  SCV x2  
  98  12:33  Barracks Tech Lab x2  
  96  12:39  SCV x2, Command Center  
  98  12:50  Concussive Shells  
  98  13:01  Medivac x2  
  102  13:21  Marine x2  
Show
View Real Time Build Order
Export as new Build Order

DrTasty Protoss 

Build Orders: 1 Gate Expand, Phoenix Opening, Carriers, Mass Phoenix 

Get SALT Encoding   

  12  0:01  Probe  
  13  0:13  Probe  
  14  0:24  Pylon  
  14  0:25  Probe  
  15  0:38  Probe  
  16  0:46  Probe  
  16  0:47  Gateway  
  16  0:54  Probe  
  17  1:02  Probe  
  18  1:11  Probe  
  20  1:23  Probe  
  21  1:26  Nexus  
  21  1:42  Cybernetics Core  
  21  1:43  Assimilator  
  21  1:47  Assimilator  
  21  1:51  Pylon  
  21  1:53  Probe  
  22  2:09  Zealot  
  22  2:11  Probe  
  25  2:15  Gateway  
  25  2:35  Pylon  
  25  2:38  Stargate  
  25  2:41  Probe  
  26  2:53  Probe  
  27  3:00  Pylon  
  27  3:04  Warp Gate  
  27  3:05  Probe, Stargate  
  28  3:17  Probe  
  28  3:18  Assimilator  
  29  3:29  Probe  
  29  3:31  Assimilator  
  30  3:42  Probe, Phoenix  
  30  3:45  Probe, Phoenix  
  32  3:54  Probe  
  37  3:57  Probe  
  37  4:01  Phoenix  
  38  4:06  Probe  
  38  4:09  Probe  
  42  4:10  Phoenix  
  42  4:18  Probe  
  42  4:22  Probe  
  46  4:33  Phoenix  
  46  4:34  Phoenix  
  46  4:58  Phoenix  
  46  4:59  Phoenix  
  51  5:00  Probe  
  51  5:01  Probe  
  52  5:12  Probe  
  52  5:13  Probe  
  54  5:19  Gateway  
  52  5:22  Phoenix  
  52  5:23  Adept x2  
  52  5:24  Probe  
  52  5:25  Probe  
  58  5:33  Phoenix  
  62  5:42  Forge  
  62  6:45  Pylon  
  62  6:46  Pylon  
  62  6:51  Fleet Beacon  
  62  6:53  Pylon  
  62  6:58  Phoenix  
  62  7:03  Probe x2, Phoenix  
  68  7:15  Probe  
  67  7:18  Phoenix  
  67  7:20  Protoss Ground Weapons Level 1  
  67  7:27  Probe  
  67  7:28  Phoenix  
  70  7:33  Probe, Stargate  
  71  7:38  Photon Cannon  
  71  7:40  Probe  
  71  7:43  Phoenix  
  73  7:45  Adept x3, Probe  
  75  7:52  Probe  
  75  7:53  Phoenix  
  75  7:57  Probe  
  77  8:04  Probe  
  78  8:06  Pylon  
  78  8:08  Pylon, Phoenix  
  78  8:09  Probe, Anion Pulse-Crystals  
  81  8:16  Probe  
  82  8:21  Probe  
  83  8:28  Probe  
  83  8:29  Nexus  
  83  8:32  Carrier  
  84  8:46  Protoss Air Weapons Level 1  
  84  8:47  Probe  
  91  8:49  Probe  
  92  8:59  Probe  
  92  9:02  Probe  
  94  9:06  Photon Cannon  
  94  9:07  Shield Battery  
  94  9:12  Probe  
  94  9:14  Pylon, Probe  
  96  9:24  Probe  
  97  9:25  Carrier  
  97  9:38  Carrier  
  109  9:45  Carrier  
  111  10:10  Carrier  
  107  10:24  Probe  
  112  10:41  Carrier, Protoss Air Armor Level 1  
  112  10:42  Carrier  
  116  10:55  Probe  
  123  10:57  Assimilator  
  123  11:00  Protoss Shields Level 1  
  123  11:01  Assimilator  
  123  11:04  Pylon, Cybernetics Core  
  123  11:06  Pylon  
  123  11:08  Carrier  
  123  11:10  Probe  
  124  11:13  Probe  
  124  11:16  Pylon  
  124  11:17  Pylon  
  131  11:38  Carrier  
  130  11:45  Carrier  
  142  12:00  Adept  
  142  12:01  Adept x2  
  148  12:02  Carrier, Probe  
  148  12:06  Gateway  
  153  12:29  Adept x2  
  157  12:45  Pylon  
  157  12:57  Pylon  
  157  13:03  Probe  
  157  13:04  Probe  
  157  13:05  Pylon  
  176  13:32  Pylon  
Tags
 
Add a new tag
Caveats
  • Supply blocks, unpowered buildings, or Contaminate may cause inaccurate times.
  • Supply counts are checked every 10 seconds.